 Dungeon Crawl Stone Soup version 0.30-a0-728-gc68057be0a (webtiles) character file.

Game seed: 17415565532033595092

0 retardedninja the Covered (level 1, 14/14 HPs)
             Began as a Gargoyle Fighter on Jan 30, 2023.
             Quit the game on level 1 of the Dungeon.
             The game lasted 00:00:07 (75 turns).

retardedninja the Covered (Gargoyle Fighter)          Turns: 75, Time: 00:00:08

Health: 14/14      AC:  9    Str: 19    XL:     1   Next: 10%
Magic:  1/1        EV:  9    Int:  8    God:
Gold:   10         SH:  4    Dex:  9    Spells: 0/0 levels left

rFire   . . .      SeeInvis .    a - +0 flail
rCold   . . .      Faith    .    c - +0 buckler
rNeg    + . .      Spirit   .    b - +0 scale mail
rPois   ∞          Reflect  .    (no helmet)
rElec   +          Harm     .    (no cloak)
rCorr   .          Rampage  .    (no gloves)
Will    .....                    (no boots) Stlth
                                 (no amulet)
HPRegen 0.22/turn                (no ring)
MPRegen 0.07/turn                (no ring)

@: no status effects
A: sickness immunity, AC +2, negative energy resistance 1, electricity
resistance, torment resistance 1, petrification resistance
a: no special abilities


You were on level 1 of the Dungeon.
You visited 1 branch of the dungeon, and saw 1 of its levels.

You collected 10 gold pieces.

Inventory:

Hand Weapons
 a - a +0 flail (weapon)
Armour
 b - a +0 scale mail (worn)
 c - a +0 buckler (worn)
Jewellery
 e - a ring of ice
Potions
 d - a potion of might


   Skills:
 + Level 3.3 Fighting
 + Level 2.0 Maces & Flails
 + Level 3.3 Armour
 + Level 3.3 Shields


You couldn't memorise any spells.
You didn't know any spells.
Your spell library was empty.

Dungeon Overview and Level Annotations

Branches:
Dungeon (1/15)

Altars:


Innate Abilities, Weirdness & Mutations

You are immune to sickness and miasma.
Your stone body is resilient. (AC +2)
You are immune to poison.
You resist negative energy. (rN+)
You are resistant to electric shocks. (rElec)
You are resistant to unholy torment.
You are immune to petrification.


Message History

Found a staircase leading out of the dungeon.
A bat comes into view.
A bat is nearby!
The bat barely misses you.
You hit the bat.
The bat is moderately wounded.
The bat barely misses you.
You barely miss the bat.
The bat is moderately wounded.
The bat misses you. The bat barely misses you.
You barely miss the bat. The bat hits you but does no damage. x2
You sock the bat!
You kill the bat!
No target in view!
No target in view!
No target in view!
No target in view!
You now have 10 gold pieces.
Key pressed, stopping explore.
Found a stone staircase leading down.
No target in view!
Key pressed, stopping explore.
No target in view!
Key pressed, stopping explore.
No target in view!
Key pressed, stopping explore.
e - a ring of ice No target in view!
A rat comes into view.
A rat is nearby!
A ball python comes into view.
The ball python hisses angrily.
The rat bites you but does no damage.
There are monsters nearby!
You closely miss the rat. The rat closely misses you.
You completely miss the rat. The rat barely misses you.
A rat comes into view.
The rat barely misses you.
The rat moves out of view.
You closely miss the rat. The rat barely misses you.
Are you sure you want to abandon this character and quit the game? (Confirm with "yes".)

.....#... . ###.......
. .###### #........
......... #.......
...##...# #......
........ #..!..# #P....
#$.Sr.#### ##~##P...
#...@....# ~~~~~..<.
#.#......# P##~##P...
#......#..P #P....
#......#... ...(...
#.................#
#......##########.# # #
#......# ####.#
#.#.#......# #.....
.........#########.##.#


You could see a ball python and a rat.

Vanquished Creatures
  A bat (D:1)
1 creature vanquished.

Notes
Turn   | Place    | Note
-------+----------+-------------------------------------------
     0 | D:1      | retardedninja the Gargoyle Fighter began the quest for the
                  | Orb.
     0 | D:1      | Reached XP level 1. HP: 14/14 MP: 1/1
    75 | D:1      | Quit the game

Illustrated notes

Levels and vault maps discovered:
D:1:      eino_arrival_water_cross, layout_basic, minmay_stone_trees_medium

Action                     || total
---------------------------++-------
  Melee: Flail             ||     7
 Armour: Scale mail        ||     3
  Dodge: Dodged            ||     8

Table legend: (Time is in decaauts)
 A = Elapsed time spent in this place.
 B = Non-inter-level travel time spent in this place.
 C = Inter-level travel time spent in this place.
 D = Time resting spent in this place.
 E = Time spent auto-exploring this place.
 F = Levels seen in this place.
 G = Mean time per level.
                   A        B        C        D        E       F      G
               +--------+--------+--------+--------+--------+-----+--------+
         Total |     77 |     77 |      0 |      0 |     60 |   1 |   77.0 |
       Dungeon |     77 |     77 |      0 |      0 |     60 |   1 |   77.0 |
               +--------+--------+--------+--------+--------+-----+--------+

Top non-repeatable levels by time:
     D:1: 77 daAuts
